 Dungeon Crawl Stone Soup version 0.21.1-1-g345015f (webtiles) character file.

5225 tidbits the Reanimator (level 10, -12/73 (74) HPs)
             Began as a Gnoll Necromancer on June 15, 2018.
             Was a Believer of Cheibriados.
             Mangled by a two-headed ogre
             ... wielding a +0 giant spiked club
              (15 damage)
             ... on level 8 of the Dungeon.
             The game lasted 00:29:48 (2166 turns).

tidbits the Reanimator (Gnoll Necromancer)          Turns: 2166, Time: 00:29:48

HP:   -12/73 (74)   AC:  6    Str: 19    XL:     10   Next: 61%
MP:   7/21          EV: 18    Int: 32    God:    Cheibriados [**....]
Gold: 312           SH:  0    Dex: 20    Spells: 4/23 levels left

rFire    . . .     SeeInvis .     - Unarmed
rCold    . . .     Gourm    .   (shield currently unavailable)
rNeg     . . .     Faith    .   B - +0 robe {Archmagi}
rPois    .         Spirit   .   (no helmet)
rElec    .         Reflect  .   (no cloak)
rCorr    .         Harm     .   (gloves currently unavailable)
MR       .....                  F - +1 pair of boots
Stlth    +++++.....             (no amulet)
HPRegen  0.22/turn              C - ring "Loicw" {*Corrode Str+4 Int+5 Stlth+}
MPRegen  0.17/turn              w - +2 ring of protection

@: blade hands, very slightly contaminated, very slow
A: distributed training, fangs 1, strong nose
a: End Transformation, Bend Time, Renounce Religion


You were on level 8 of the Dungeon.
You worshipped Cheibriados.
Cheibriados was pleased with you.
You were hungry.
You had blades for hands.
You visited 2 branches of the dungeon, and saw 13 of its levels.

You collected 312 gold pieces.

Inventory:

Hand Weapons
 a - a +1 dagger of venom
   (You took it off an orc wizard on level 11 of the Dungeon)
 b - a +0 lajatang (melded)
 d - a +0 club
 e - a +0 short sword
 l - a +0 short sword
 m - a +0 hand axe of flaming
   (You found it on level 1 of the Dungeon)
 n - a +0 scimitar
 o - a +0 flail
 q - a +0 war axe
 r - a +0 rapier
 v - a +0 trident
 y - a +2 dagger of speed
   (You found it on level 6 of the Dungeon)
 z - a +0 dagger
 H - a +0 blowgun
 I - a +1 short sword of venom
   (You took it off Sonja on level 12 of the Dungeon)
 K - a +0 great sword of freezing
   (You found it on level 10 of the Dungeon)
Missiles
 f - 9 stones (quivered)
 x - 79 arrows
 E - 4 curare-tipped needles
Armour
 j - a +0 robe
 s - a +3 leather armour of fire resistance
   (You took it off Eustachio on level 5 of the Dungeon)
 B - a +0 robe of the Archmagi (worn)
   (You found it on level 11 of the Dungeon)
 F - a +1 pair of boots (worn)
 G - a +0 pair of gloves (melded)
Jewellery
 k - an uncursed ring of flight
   (You found it on level 1 of the Dungeon)
 w - a +2 ring of protection (right scythe-like blade)
   (You found it on level 7 of the Dungeon)
 C - the ring "Loicw" (left scythe-like blade) {*Corrode Str+4 Int+5 Stlth+}
   (You found it on level 7 of the Dungeon)

   [ring of stealth]

   It affects your strength (+4).
   It affects your intelligence (+5).
   It may corrode you when you take damage.
   It makes you more stealthy.
Wands
 L - a wand of enslavement (12)
Scrolls
 h - a scroll of noise
 i - a scroll of identify
 u - 3 scrolls of remove curse
Potions
 g - a potion of brilliance
 p - a potion of degeneration
 D - 2 potions of invisibility
 J - a potion of curing
 M - a potion of resistance {unknown}
Books
 t - a book of Necromancy

   Spells                             Type                      Level
   a - Pain                           Necromancy                   1
   b - Animate Skeleton               Necromancy                   1
   c - Vampiric Draining              Necromancy                   3
   d - Regeneration                   Charms/Necromancy            3
   e - Animate Dead                   Necromancy                   4
   f - Borgnjor's Vile Clutch         Necromancy/Earth             5
 A - a book of Changes
   (You acquired it on level 7 of the Dungeon)

   Spells                             Type                      Level
   a - Beastly Appendage              Transmutation                1
   b - Sticks to Snakes               Transmutation                2
   c - Spider Form                    Transmutation/Poison         3
   d - Ice Form                       Ice/Transmutation            4
   e - Blade Hands                    Transmutation                5
Comestibles
 c - 11 rations


   Skills:
 + Level 5.3 Fighting
 + Level 5.3 Short Blades
 + Level 5.3 Long Blades
 + Level 5.3 Axes
 + Level 5.3 Maces & Flails
 + Level 5.3 Polearms
 + Level 5.3 Staves
 + Level 5.3 Slings
 + Level 5.3 Bows
 + Level 5.3 Crossbows
 + Level 5.3 Throwing
 + Level 5.3 Armour
 + Level 7.1 Dodging
 + Level 6.8 Stealth
 + Level 5.3 Shields
 + Level 5.3 Unarmed Combat
 + Level 7.4 Spellcasting
 + Level 4.4 Conjurations
 + Level 4.4 Hexes
 + Level 4.4 Charms
 + Level 4.4 Summonings
 + Level 8.4 Necromancy
 + Level 4.4 Translocations
 + Level 4.4 Transmutations
 + Level 4.4 Fire Magic
 + Level 4.4 Ice Magic
 + Level 4.4 Air Magic
 + Level 4.4 Earth Magic
 + Level 4.4 Poison Magic
 + Level 5.9 Invocations
 + Level 5.3 Evocations


You had 4 spell levels left.
You knew the following spells:

 Your Spells              Type           Power        Failure   Level  Hunger
d - Vampiric Draining     Necr           #######...   11%         3    None
h - Blade Hands           Tmut           ######....   61%         5    ####...
k - Sticks to Snakes      Tmut           ######..     16%         2    None
n - Animate Skeleton      Necr           N/A          8%          1    None
r - Regeneration          Chrm/Necr      ######....   14%         3    None
v - Borgnjor's Vile Clut  Necr/Erth      ######....   41%         5    ####...


Dungeon Overview and Level Annotations

Branches:
Dungeon (12/15)            Temple (1/1) D:6
   Lair: D:8-11         Orc: D:9-12

Altars:
Ashenzari
Cheibriados
Dithmenos
Elyvilon
Fedhas
Gozag
Hepliaklqana
Makhleb
Nemelex Xobeh
Okawaru
Ru
Sif Muna
Trog
Uskayaw
Vehumet
Wu Jian
Xom
Yredelemnul
Zin

Annotations:
D:7 Pikel


Innate Abilities, Weirdness & Mutations

Your experience applies equally to all skills.
You have very sharp teeth.
Your uncanny sense of smell can sniff out nearby items.


Message History

A leopard gecko comes into view.
There is a stone staircase leading down here.
Okay, then.
Unknown command.
A hound comes into view.
Found a plate armour.
The helpless hound fails to defend itself.
You hit the hound. You bite the hound, but do no damage.
The hound is lightly wounded.
The hound bites you but does no damage.
You hit the hound.
The hound is moderately wounded.
The hound completely misses you. The hound bites you but does no damage.
You slice the hound!!
You kill the hound!
Cheibriados appreciates the change of pace.
Found 12 gold pieces.
You see here a plate armour.
Found 18 gold pieces.
Found 14 gold pieces.
You found a teleport trap!
Unknown command.
A leopard gecko comes into view.
Found a chain mail.
You found a teleport trap!
A two-headed ogre comes into view.
It is wielding a giant spiked club and a giant club.
An orc comes into view. It is wielding a club.
A bullfrog comes into view.
Unknown command.
The leopard gecko hisses angrily.
The two-headed ogre shouts in stereo!
The orc shouts!
The leopard gecko barely misses you. The bullfrog barely misses you.
Unknown command.
Casting: Blade Hands
Confirm with . or Enter, or press ? or * to list all spells.
Aiming: Borgnjor's Vile Clutch
Press: ? - help, Dir - move target cursor, f - bullfrog
Aim: a bullfrog You feel a surge of power!
Decaying hands burst forth from the earth!
Zombie hands grab the bullfrog.
Zombie hands grab the leopard gecko.
Zombie hands grab the two-headed ogre.
You are feeling hungry.
The zombie hands constrict the leopard gecko.
You kill the leopard gecko!
Cheibriados appreciates the change of pace.
The zombie hands constrict the bullfrog!
The zombie hands constrict the two-headed ogre!
The bullfrog hits you.
The two-headed ogre struggles to escape constriction.
Unknown command.
You slash the bullfrog! Your bite misses the bullfrog.
The bullfrog is almost dead.
The zombie hands constrict the bullfrog.
You kill the bullfrog!
Cheibriados thoroughly appreciates the change of pace.
The zombie hands constrict the two-headed ogre!
The two-headed ogre escapes!
Casting: Borgnjor's Vile Clutch
Confirm with . or Enter, or press ? or * to list all spells.
Aiming: Borgnjor's Vile Clutch
Press: ? - help, Dir - move target cursor You feel a surge of power!
You miscast Borgnjor's Vile Clutch.
You are very lightly contaminated with residual magic.
You hear a distant rumble.
The two-headed ogre barely misses you. x2
Casting: Borgnjor's Vile Clutch
Confirm with . or Enter, or press ? or * to list all spells.
You feel a surge of power!
Your hands turn into razor-sharp scythe blades.
Your +0 lajatang melds into your body.
Your +0 pair of gloves melds into your body.
The orc closely misses you.
Unknown command.
You hit the two-headed ogre. You bite the two-headed ogre.
The two-headed ogre is severely wounded.
The two-headed ogre closely misses you.
The two-headed ogre hits you with a giant club!!
You hit the two-headed ogre.
The two-headed ogre is severely wounded.
The orc barely misses you.
The two-headed ogre hits you with a giant spiked club!!
* * * LOW HITPOINT WARNING * * *
The two-headed ogre hits you with a giant club!
* * * LOW HITPOINT WARNING * * *
You slash the two-headed ogre!
The two-headed ogre is severely wounded.
The orc hits you but does no damage.
You barely miss the two-headed ogre.
The two-headed ogre is severely wounded.
The two-headed ogre hits you with a giant spiked club!
* * * LOW HITPOINT WARNING * * *
The two-headed ogre barely misses you. The orc misses you.
You hit the two-headed ogre but do no damage.
Your bite misses the two-headed ogre.
The two-headed ogre is severely wounded.
The orc misses you. The two-headed ogre barely misses you.
The two-headed ogre hits you with a giant club!
You die...

..####.....$#
#......^..###
#########..##
#...####
#[.....#
##^....### ..
#.......# ###
#.......##
#.......#@.#
#######..oO.#
####..# #...
##.. ..# .# #


You could see a two-headed ogre and an orc.

Vanquished Creatures
  2 two-headed ogres
  Sonja (D:12)
  A manticore (D:10)
  A centaur zombie (D:10)
  A hornet (D:11)
  Grinder (D:4)
  Eustachio (D:5)
  6 yaks (D:11)
  An orc warrior (D:10)
  3 slaves (D:7)
  A phantom (D:10)
  2 ogres
  A centaur (D:10)
  A crocodile (D:10)
  A gnoll sergeant (D:7)
  4 bullfrogs
  A scorpion (D:11)
  A wyvern skeleton (D:12)
  A howler monkey (D:11)
  A crimson imp (D:12)
  4 hounds
  A centaur skeleton (D:6)
  A jelly (D:8)
  2 orc wizards (D:11)
  An orc priest (D:9)
  A worker ant (D:6)
  2 hound skeletons
  An adder (D:5)
  3 gnolls (D:7)
  2 shadow imps
  An ooze (D:5)
  An adder skeleton (D:4)
  An adder zombie (D:9)
  A worm (D:4)
  4 leopard geckos
  13 orcs
  6 bats
  A giant cockroach (D:1)
  2 goblins
  7 hobgoblins
  4 jackals (D:10)
  5 kobolds
  2 quokkas
  5 frilled lizards
  6 rats (D:1)
109 creatures vanquished.

Notes
Turn   | Place    | Note
-------+----------+-------------------------------------------
     0 | D:1      | tidbits the Gnoll Necromancer began the quest for the Orb.
     0 | D:1      | Reached XP level 1. HP: 13/13 MP: 6/6
    74 | D:1      | Reached XP level 2. HP: 8/19 MP: 1/7
    77 | D:1      | Learned a level 1 spell: Animate Skeleton
   197 | D:1      | Reached XP level 3. HP: 3/25 MP: 0/9
   202 | D:1      | Learned a level 3 spell: Vampiric Draining
   206 | D:1      | Learned a level 3 spell: Regeneration
   247 | D:1      | Reached skill level 5 in Spellcasting
   341 | D:2      | Found a blossoming altar of Fedhas.
   364 | D:3      | Reached skill level 1 in Invocations
   411 | D:4      | Reached skill level 1 in Fighting
   411 | D:4      | Reached skill level 1 in Short Blades
   411 | D:4      | Reached skill level 1 in Long Blades
   411 | D:4      | Reached skill level 1 in Axes
   411 | D:4      | Reached skill level 1 in Maces & Flails
   411 | D:4      | Reached skill level 1 in Polearms
   411 | D:4      | Reached skill level 1 in Staves
   411 | D:4      | Reached skill level 1 in Slings
   411 | D:4      | Reached skill level 1 in Bows
   411 | D:4      | Reached skill level 1 in Crossbows
   411 | D:4      | Reached skill level 1 in Throwing
   411 | D:4      | Reached skill level 1 in Armour
   411 | D:4      | Reached skill level 1 in Shields
   411 | D:4      | Reached skill level 1 in Unarmed Combat
   411 | D:4      | Reached skill level 1 in Evocations
   411 | D:4      | Reached XP level 4. HP: 22/32 MP: 0/11
   439 | D:4      | Noticed an ogre
   479 | D:4      | Noticed Grinder
   514 | D:4      | Killed Grinder
   514 | D:4      | Reached skill level 1 in Conjurations
   514 | D:4      | Reached skill level 1 in Hexes
   514 | D:4      | Reached skill level 1 in Charms
   514 | D:4      | Reached skill level 1 in Summonings
   514 | D:4      | Reached skill level 1 in Translocations
   514 | D:4      | Reached skill level 1 in Transmutations
   514 | D:4      | Reached skill level 1 in Fire Magic
   514 | D:4      | Reached skill level 1 in Ice Magic
   514 | D:4      | Reached skill level 1 in Air Magic
   514 | D:4      | Reached skill level 1 in Earth Magic
   514 | D:4      | Reached skill level 1 in Poison Magic
   514 | D:4      | Reached skill level 2 in Invocations
   514 | D:4      | Reached XP level 5. HP: 38/38 MP: 7/12
   514 | D:4      | Reached XP level 6. HP: 44/44 MP: 8/14
   530 | D:4      | Reached skill level 2 in Fighting
   530 | D:4      | Reached skill level 2 in Short Blades
   530 | D:4      | Reached skill level 2 in Long Blades
   530 | D:4      | Reached skill level 2 in Axes
   530 | D:4      | Reached skill level 2 in Maces & Flails
   530 | D:4      | Reached skill level 2 in Polearms
   530 | D:4      | Reached skill level 2 in Staves
   530 | D:4      | Reached skill level 2 in Slings
   530 | D:4      | Reached skill level 2 in Bows
   530 | D:4      | Reached skill level 2 in Crossbows
   530 | D:4      | Reached skill level 2 in Throwing
   530 | D:4      | Reached skill level 2 in Armour
   530 | D:4      | Reached skill level 5 in Dodging
   530 | D:4      | Reached skill level 2 in Shields
   530 | D:4      | Reached skill level 2 in Unarmed Combat
   530 | D:4      | Reached skill level 2 in Evocations
   564 | D:5      | Entered Level 5 of the Dungeon
   585 | D:5      | Noticed Eustachio
   590 | D:5      | Killed Eustachio
   590 | D:5      | Reached XP level 7. HP: 50/50 MP: 15/15
   657 | D:5      | Learned a level 5 spell: Borgnjor's Vile Clutch
   767 | D:6      | Found a staircase to the Ecumenical Temple.
   777 | Temple   | Entered the Ecumenical Temple
   780 | Temple   | Reached skill level 2 in Conjurations
   780 | Temple   | Reached skill level 2 in Hexes
   780 | Temple   | Reached skill level 2 in Charms
   780 | Temple   | Reached skill level 2 in Summonings
   780 | Temple   | Reached skill level 2 in Translocations
   780 | Temple   | Reached skill level 2 in Transmutations
   780 | Temple   | Reached skill level 2 in Fire Magic
   780 | Temple   | Reached skill level 2 in Ice Magic
   780 | Temple   | Reached skill level 2 in Air Magic
   780 | Temple   | Reached skill level 2 in Earth Magic
   780 | Temple   | Reached skill level 2 in Poison Magic
   845 | Temple   | Became a worshipper of Cheibriados the Contemplative
  1014 | D:7      | Reached skill level 5 in Stealth
  1014 | D:7      | Reached skill level 3 in Invocations
  1053 | D:7      | Reached XP level 8. HP: 45/57 MP: 5/16
  1122 | D:7      | Got a pitted golden ring
  1124 | D:7      | Identified the ring "Loicw" {*Corrode Str+4 Int+5 Stlth+} (You found it on level 7 of the Dungeon)
  1129 | D:7      | Identified a scroll of acquirement
  1135 | D:7      | Noticed Pikel
  1164 | D:8      | Noticed a two-headed ogre
  1166 | D:8      | Noticed a hornet
  1176 | D:9      | HP: 4/57 [orc priest/short sword (5)]
  1178 | D:9      | Reached skill level 3 in Fighting
  1178 | D:9      | Reached skill level 3 in Short Blades
  1178 | D:9      | Reached skill level 3 in Long Blades
  1178 | D:9      | Reached skill level 3 in Axes
  1178 | D:9      | Reached skill level 3 in Maces & Flails
  1178 | D:9      | Reached skill level 3 in Polearms
  1178 | D:9      | Reached skill level 3 in Staves
  1178 | D:9      | Reached skill level 3 in Slings
  1178 | D:9      | Reached skill level 3 in Bows
  1178 | D:9      | Reached skill level 3 in Crossbows
  1178 | D:9      | Reached skill level 3 in Throwing
  1178 | D:9      | Reached skill level 3 in Armour
  1178 | D:9      | Reached skill level 3 in Shields
  1178 | D:9      | Reached skill level 3 in Unarmed Combat
  1178 | D:9      | Reached skill level 3 in Evocations
  1202 | D:10     | Entered Level 10 of the Dungeon
  1221 | D:10     | Reached * piety under Cheibriados
  1221 | D:10     | Reached skill level 6 in Spellcasting
  1273 | D:11     | Learned a level 2 spell: Sticks to Snakes
  1405 | D:11     | Noticed a two-headed ogre
  1412 | D:11     | Killed a two-headed ogre
  1412 | D:11     | Reached skill level 6 in Dodging
  1412 | D:11     | Reached skill level 3 in Conjurations
  1412 | D:11     | Reached skill level 3 in Hexes
  1412 | D:11     | Reached skill level 3 in Charms
  1412 | D:11     | Reached skill level 3 in Summonings
  1412 | D:11     | Reached skill level 3 in Translocations
  1412 | D:11     | Reached skill level 3 in Transmutations
  1412 | D:11     | Reached skill level 3 in Fire Magic
  1412 | D:11     | Reached skill level 3 in Ice Magic
  1412 | D:11     | Reached skill level 3 in Air Magic
  1412 | D:11     | Reached skill level 3 in Earth Magic
  1412 | D:11     | Reached skill level 3 in Poison Magic
  1412 | D:11     | Reached skill level 4 in Invocations
  1412 | D:11     | Reached XP level 9. HP: 32/65 MP: 9/18
  1610 | D:12     | Reached skill level 4 in Fighting
  1610 | D:12     | Reached skill level 4 in Short Blades
  1610 | D:12     | Reached skill level 4 in Long Blades
  1610 | D:12     | Reached skill level 4 in Axes
  1610 | D:12     | Reached skill level 4 in Maces & Flails
  1610 | D:12     | Reached skill level 4 in Polearms
  1610 | D:12     | Reached skill level 4 in Staves
  1610 | D:12     | Reached skill level 4 in Slings
  1610 | D:12     | Reached skill level 4 in Bows
  1610 | D:12     | Reached skill level 4 in Crossbows
  1610 | D:12     | Reached skill level 4 in Throwing
  1610 | D:12     | Reached skill level 4 in Armour
  1610 | D:12     | Reached skill level 4 in Shields
  1610 | D:12     | Reached skill level 4 in Unarmed Combat
  1610 | D:12     | Reached skill level 4 in Evocations
  1618 | D:12     | Noticed Sonja
  1627 | D:12     | Killed Sonja
  1627 | D:12     | Reached skill level 6 in Stealth
  1627 | D:12     | Reached skill level 8 in Necromancy
  1683 | D:11     | Reached skill level 5 in Invocations
  1683 | D:11     | Reached XP level 10. HP: 47/72 MP: 6/20
  1685 | D:11     | Reached skill level 7 in Spellcasting
  1685 | D:11     | Reached skill level 4 in Conjurations
  1685 | D:11     | Reached skill level 4 in Hexes
  1685 | D:11     | Reached skill level 4 in Charms
  1685 | D:11     | Reached skill level 4 in Summonings
  1685 | D:11     | Reached skill level 4 in Translocations
  1685 | D:11     | Reached skill level 4 in Transmutations
  1685 | D:11     | Reached skill level 4 in Fire Magic
  1685 | D:11     | Reached skill level 4 in Ice Magic
  1685 | D:11     | Reached skill level 4 in Air Magic
  1685 | D:11     | Reached skill level 4 in Earth Magic
  1685 | D:11     | Reached skill level 4 in Poison Magic
  1793 | D:12     | Noticed a gargoyle
  1794 | D:12     | Reached ** piety under Cheibriados
  1853 | D:11     | Noticed a two-headed ogre
  1897 | D:10     | Noticed a two-headed ogre
  1901 | D:10     | Killed a two-headed ogre
  1901 | D:10     | Reached skill level 5 in Fighting
  1901 | D:10     | Reached skill level 5 in Short Blades
  1901 | D:10     | Reached skill level 5 in Long Blades
  1901 | D:10     | Reached skill level 5 in Axes
  1901 | D:10     | Reached skill level 5 in Maces & Flails
  1901 | D:10     | Reached skill level 5 in Polearms
  1901 | D:10     | Reached skill level 5 in Staves
  1901 | D:10     | Reached skill level 5 in Slings
  1901 | D:10     | Reached skill level 5 in Bows
  1901 | D:10     | Reached skill level 5 in Crossbows
  1901 | D:10     | Reached skill level 5 in Throwing
  1901 | D:10     | Reached skill level 5 in Armour
  1901 | D:10     | Reached skill level 5 in Shields
  1901 | D:10     | Reached skill level 5 in Unarmed Combat
  1901 | D:10     | Reached skill level 5 in Evocations
  1943 | D:10     | Learned a level 5 spell: Blade Hands
  1965 | D:10     | Reached skill level 7 in Dodging
  1995 | D:10     | Noticed a manticore
  2010 | D:10     | Killed a manticore
  2154 | D:8      | Noticed a two-headed ogre
  2165 | D:8      | HP: 3/73 [two-headed ogre/giant spiked club (10)]
  2166 | D:8      | Mangled by a two-headed ogre

Skill      XL: |  1  2  3  4  5  6  7  8  9 10 |
---------------+-------------------------------+-----
Spellcasting   | 5 6 7 |  7.4
Invocations    | 1 2 3 4 5 |  5.9
Fighting       | 1 2 3 4 5 |  5.3
Short Blades   | 1 2 3 4 5 |  5.3
Long Blades    | 1 2 3 4 5 |  5.3
Axes           | 1 2 3 4 5 |  5.3
Maces & Flails | 1 2 3 4 5 |  5.3
Polearms       | 1 2 3 4 5 |  5.3
Staves         | 1 2 3 4 5 |  5.3
Slings         | 1 2 3 4 5 |  5.3
Bows           | 1 2 3 4 5 |  5.3
Crossbows      | 1 2 3 4 5 |  5.3
Throwing       | 1 2 3 4 5 |  5.3
Armour         | 1 2 3 4 5 |  5.3
Shields        | 1 2 3 4 5 |  5.3
Unarmed Combat | 1 2 3 4 5 |  5.3
Evocations     | 1 2 3 4 5 |  5.3
Conjurations   | 1 2 3 4 |  4.4
Hexes          | 1 2 3 4 |  4.4
Charms         | 1 2 3 4 |  4.4
Summonings     | 1 2 3 4 |  4.4
Translocations | 1 2 3 4 |  4.4
Transmutations | 1 2 3 4 |  4.4
Fire Magic     | 1 2 3 4 |  4.4
Ice Magic      | 1 2 3 4 |  4.4
Air Magic      | 1 2 3 4 |  4.4
Earth Magic    | 1 2 3 4 |  4.4
Poison Magic   | 1 2 3 4 |  4.4
Dodging        | 5 6 7 |  7.1
Stealth        | 5 6 |  6.8
Necromancy     | 8 |  8.4

Action                   |  1- 3 |  4- 6 |  7- 9 | 10-12 || total
-------------------------+-------+-------+-------+-------++-------
Melee: Unarmed           |     1 |    21 |       |    22 ||    44
       Short sword       |     1 |       |       |       ||     1
       Dagger            |    11 |     4 |    19 |    19 ||    53
       Bite              |     1 |     1 |    11 |    12 ||    25
       Hand axe          |     1 |       |       |       ||     1
       Trident           |       |       |    25 |       ||    25
       Rapier            |       |       |     3 |       ||     3
       Lajatang          |       |       |    25 |    12 ||    37
       Punch             |       |       |     1 |     1 ||     2
 Fire: Blowgun           |       |       |     1 |       ||     1
Throw: Stone             |       |     9 |     3 |       ||    12
       Throwing net      |       |       |     1 |       ||     1
 Cast: Pain              |    44 |     5 |    32 |       ||    81
       Regeneration      |     1 |     1 |    10 |     2 ||    14
       Vampiric Draining |       |       |     5 |     2 ||     7
       Borgnjor's Vile C |       |       |     5 |     3 ||     8
       Sticks to Snakes  |       |       |     2 |       ||     2
       Animate Skeleton  |       |       |     1 |     1 ||     2
       Blade Hands       |       |       |       |     4 ||     4
Evoke: Wand              |       |     2 |     9 |       ||    11
  Use: Scroll            |     3 |       |     9 |     2 ||    14
       Potion            |     3 |     3 |     4 |       ||    10
 Stab: Sleeping          |     4 |     1 |     7 |     5 ||    17
  Eat: Chunk             |       |       |     3 |     3 ||     6
Armor: Robe              |     1 |       |    13 |    10 ||    24
       Skin              |       |    20 |       |       ||    20
Dodge: Dodged            |    16 |     3 |    76 |    41 ||   136

Table legend:
 A = Turns spent in this place as a percentage of turns spent in the entire game.
 B = Non-inter-level travel turns spent in this place as a percentage of non-inter-level travel turns spent in the entire game.
 C = Inter-level travel turns spent in this place as a percentage of turns spent in this place.
 D = Turns resting spent in this place as a percentage of non-inter-level travel turns spent in this place.
 E = Turns spent auto-exploring this place as a percentage of non-inter-level travel turns spent in this place.
 F = Non-inter-level travel turns spent in this place divided by the number of levels of this place that you've seen.
                   A       B       C       D       E      F
               +-------+-------+-------+-------+-------+----------------------
         Total | 100.0 | 100.0 |   0.9 |   0.0 |   0.0 | 165.2
       Dungeon |  95.9 |  96.7 |   0.0 |   0.0 |   0.0 | 173.1
        Temple |   4.1 |   3.3 |  21.3 |   0.0 |   0.0 |  70.0
               +-------+-------+-------+-------+-------+----------------------

Table legend:
 A = Kills in this place as a percentage of kills in entire the game.
 B = Kills by you in this place as a percentage of kills by you in the entire game.
 C = Kills by friends in this place as a percentage of kills by friends in the entire game.
 D = Other kills in this place as a percentage of other kills in the entire game.
 E = Experience gained in this place as a percentage of experience gained in the entire game.
 F = Experience gained in this place divided by the number of levels of this place that you have seen.
                   A       B       C       D       E      F
               +-------+-------+-------+-------+-------+----------------------
         Total | 100.0 | 100.0 |   N/A |   N/A | 100.0 | 574.2
       Dungeon |  99.1 |  99.1 |   N/A |   N/A |  98.9 | 615.0
        Temple |   0.9 |   0.9 |   N/A |   N/A |   1.1 |  85.0
               +-------+-------+-------+-------+-------+----------------------

Vault maps used:
D:1:      shiori_shiawase
D:2:      fedhas_altar_2, grunt_ministairs_3
D:3:      lemuel_old_faithful
D:4:      serial_undead, serial_undead_f, serial_undead_e, serial_undead_c,
          serial_undead_f, serial_undead_f, serial_undead_f, serial_undead_d,
          serial_undead_e, first_ration, uniq_blork_the_orc, uniq_grinder
D:5:      uniq_eustachio
D:6:      nicolae_qazlal_general_emergency, minmay_temple_entry_mist
D:7:      uniq_pikel, uniq_joseph
D:8:      hangedman_pestilent_swarm
D:9:      lair_entry_dummy, uniq_maurice
D:10:     erik_orc_1
D:11:     minmay_statues_item
D:12:     uniq_sonja
Temple:   regret_index_temple_chain_breaker
